 Dungeon Crawl Stone Soup version 0.26.0-10-g1f06aea511 (webtiles) character file.

Game seed: 3190122315556956622

781 Borgoz the Slasher (level 7, -5/59 HPs)
             Began as a Ghoul Gladiator on Jan 15, 2021.
             Killed from afar by an orc wizard (7 damage)
             ... with a magic dart
             ... on level 5 of the Dungeon.
             The game lasted 00:06:09 (6130 turns).

Borgoz the Slasher (Ghoul Gladiator)                Turns: 6130, Time: 00:06:10

Health: -5/59      AC:  6    Str: 18    XL:     7   Next: 85%
Magic:  6/6        EV: 13    Int:  3    God:
Gold:   272        SH:  0    Dex: 12    Spells: 6/6 levels left

rFire    . . .     SeeInvis .   a - +0 long sword
rCold    + . .     Faith    .   (no shield)
rNeg     + + +     Spirit   .   b - +0 leather armour
rPois    ∞         Reflect  .   c - +1 helmet
rElec    .         Harm     .   g - +0 cloak {rPois}
rCorr    .         Rampage  .   (no gloves)
Will     .....                  (no boots)
Stlth    +.........             (no amulet)
HPRegen  0.00/turn              (no ring)
MPRegen  0.10/turn              (no ring)

@: no status effects
A: claws 1, cold resistance 1, negative energy resistance 3, inhibited
regeneration, torment resistance, unbreathing
a: no special abilities


You were on level 5 of the Dungeon.
You visited 1 branch of the dungeon, and saw 5 of its levels.

You collected 272 gold pieces.

Inventory:

Hand Weapons
 a - a +0 long sword (weapon)
Armour
 b - a +0 leather armour (worn)
 c - a +1 helmet (worn)
 g - a +0 cloak of poison resistance (worn)
Jewellery
 h - a cursed +6 ring of strength {unknown}
Scrolls
 e - 3 scrolls of remove curse
Potions
 d - a potion of flight


   Skills:
 + Level 4.2 Fighting
 * Level 5.2 Long Blades
 - Level 1.7 Throwing
 * Level 4.2 Armour
 + Level 4.0 Dodging


You had 6 spell levels left.
You didn't know any spells.
Your spell library was empty.

Dungeon Overview and Level Annotations

Branches:
Dungeon (5/15)
 Temple: D:4-7

Altars:
Cheibriados
Sif Muna
Wu Jian


Innate Abilities, Weirdness & Mutations

You thrive by killing the living.
You are immune to poison.
You have sharp fingernails.
Your flesh is cold resistant. (rC+)
You are immune to negative energy. (rN+++)
You do not regenerate when monsters are visible.
You are immune to unholy pain and torment.
You can survive without breathing.


Message History

Okay, then.
Okay, then.
You closely miss the orc wizard.
The orc wizard is almost dead.
The orc wizard miscasts a cantrip.
The orc wizard gestures wildly while chanting.
The orc wizard blinks!
The orc wizard looks braver for a moment.
You hit the orc wizard but do no damage.
The orc wizard is almost dead.
The orc wizard points at you and mumbles some strange words.
The puff of flame hits you.
* * * LOW HITPOINT WARNING * * *
The orc wizard gestures at itself while chanting.
The orc wizard flickers and vanishes!
Deactivating autopickup; reactivate with Ctrl-A.
You hear some strange, mumbled words.
A magic dart appears from out of thin air!
The magic dart hits you!
You die...

##.##################
.......)ooo{...@....#
###################.#
.........#.#
########.#.##
...........#
#..........#
#..[.......#
#..........#
##.#+##'#'##


You could see an orc priest, an orc wizard and an orc.

Vanquished Creatures
  A centaur (D:5)
  A wyvern skeleton (D:4)
  2 hounds (D:4)
  2 orc priests
  A bullfrog skeleton (D:4)
  A centaur skeleton (D:4)
  3 jellies (D:5)
  Crazy Yiuf (D:2)
  3 orc wizards
  2 worker ants (D:4)
  Terence (D:2)
  10 adders
  A shadow imp (D:5)
  A white imp (D:5)
  2 oozes (D:3)
  A worm (D:2)
  4 dart slugs
  3 leopard geckos
  11 orcs
  8 bats
  2 giant cockroaches
  6 goblins
  4 hobgoblins
  4 jackals
  2 quokkas
  5 frilled lizards
  A jackal skeleton (D:4)
  3 kobolds
  9 rats
95 creatures vanquished.

Vanquished Creatures (others)
  2 fungi (D:2)
2 creatures vanquished.

Grand Total: 97 creatures vanquished

Notes
Turn   | Place    | Note
-------+----------+-------------------------------------------
     0 | D:1      | Borgoz the Ghoul Gladiator began the quest for the Orb.
     0 | D:1      | Reached XP level 1. HP: 17/17 MP: 0/0
   293 | D:1      | Reached XP level 2. HP: 25/25 MP: 1/1
   431 | D:1      | Reached skill level 3 in Long Blades
   453 | D:1      | Reached skill level 1 in Armour
   952 | D:2      | Reached XP level 3. HP: 23/30 MP: 2/2
  1067 | D:2      | Noticed Terence
  1088 | D:2      | Killed Terence
  1089 | D:2      | Reached XP level 4. HP: 6/37 MP: 3/3
  2179 | D:2      | Found a runed translucent door.
  2180 | D:2      | Noticed Crazy Yiuf
  2188 | D:2      | Killed Crazy Yiuf
  2189 | D:2      | Reached XP level 5. HP: 44/44 MP: 4/4
  2294 | D:3      | Lost intelligence.
  3702 | D:3      | Reached skill level 4 in Long Blades
  3718 | D:3      | Reached XP level 6. HP: 44/51 MP: 5/5
  4143 | D:3      | Found a shimmering blue altar of Sif Muna.
  4274 | D:3      | Found an ornate altar of the Wu Jian Council.
  4274 | D:3      | Found a snail-covered altar of Cheibriados.
  4567 | D:4      | Reached XP level 7. HP: 52/58 MP: 6/6
  5521 | D:5      | Entered Level 5 of the Dungeon
  5744 | D:5      | Reached skill level 5 in Long Blades
  6122 | D:5      | HP: 2/59 [orc wizard/puff of flame (6)]
  6130 | D:5      | Killed from afar by an orc wizard

Illustrated notes

Levels and vault maps discovered:
D:1:      lightli_arrival_statue_moat, layout_loops_corners,
          minmay_stone_trees_small, skrybe_limestone_x
D:2:      layout_rooms, roderic_lattice_a, uniq_terence, uniq_crazy_yiuf_cottage
D:3:      layout_basic, nicolae_overflow_hidden_temple
D:4:      layout_basic
D:5:      layout_basic

Skill      XL: |  1  2  3  4  5  6  7 |
---------------+----------------------+-----
Long Blades    | 3 4 5 |  5.2
Armour         | 1 2 3 4 |  4.2
Dodging        | 3 4 |  4.0
Fighting       | 3 4 |  4.2
Throwing       | |  1.7

Action                   |  1- 3 |  4- 6 |  7- 9 || total
-------------------------+-------+-------+-------++-------
Melee: Long sword        |    77 |   199 |    91 ||   367
Throw: Throwing net      |     3 |     3 |       ||     6
  Use: Scroll            |       |     8 |       ||     8
       Potion            |       |     5 |     3 ||     8
 Stab: Sleeping          |     1 |     1 |       ||     2
       Held in net/web   |     1 |     2 |       ||     3
Armor: Leather armour    |    26 |    72 |    20 ||   118
Dodge: Dodged            |    57 |   161 |    67 ||   285
       Rpst.: Long sword |    20 |    48 |    24 ||    92
